 Dungeon Crawl Stone Soup version 0.18-a0-1180-g64ccc1e (webtiles) character file.

5168 krabocopter the Cleaver (level 10, -4/70 HPs)
             Began as a Formicid Fighter on Jan 26, 2016.
             Was a Believer of Okawaru.
             Shot with an arrow by a centaur (12 damage)
             ... on level 9 of the Dungeon on Jan 27, 2016.
             The game lasted 00:38:36 (8007 turns).

krabocopter the Cleaver (Formicid Fighter)          Turns: 8007, Time: 00:38:36

Health: -4/70      AC:  6    Str: 22    XL:     10   Next: 90%
Magic:  10/10      EV: 16    Int:  8    God:    Okawaru [**....]
Gold:   580        SH: 11    Dex: 12    Spells: 0 memorised, 9 levels left

rFire  + . .     SeeInvis +     t - +1 war axe (flame)
rCold  . . .     Gourm    .     r - +3 leather armour
rNeg   . . .     Faith    .     c - +0 shield
rPois  .         Spirit   .     (helmet unavailable)
rElec  .         Dismiss  .     (no cloak)
rCorr  .         Reflect  .     (no gloves)
SustAt +         Harm     +     (no boots)
MR     +....                    s - amulet of harm
Stlth  ++........               u - ring of stealth
                                H - ring of sustain attributes

@: somewhat resistant to hostile enchantments, unstealthy
A: permanent stasis, dig shafts and tunnels, four strong arms, antennae 3, fire
resistance 1
a: Dig, Shaft Self, Heroism, Renounce Religion


You were on level 9 of the Dungeon.
You worshipped Okawaru.
Okawaru was pleased with you.
You were not hungry.

You visited 2 branches of the dungeon, and saw 10 of its levels.

You collected 580 gold pieces.

Inventory:

Hand Weapons
 e - a +2 short sword of venom
 t - a +1 war axe of flaming (weapon)
Armour
 c - a +0 shield (worn)
 r - a +3 leather armour (worn)
Jewellery
 k - an uncursed ring of magical power
 s - an amulet of harm (around neck)
 u - a ring of stealth (right hand)
 w - an uncursed ring of protection from cold
 H - a ring of sustain attributes (left hand)
Wands
 a - a wand of polymorph (8/24)
 D - a wand of flame (19/48)
 G - a wand of paralysis (9/24)
 J - a wand of digging (12/24)
Scrolls
 g - 3 scrolls of enchant weapon {unknown}
 h - 10 scrolls of remove curse
 l - 3 scrolls of fog {unknown}
 p - 2 scrolls of enchant armour {unknown}
 v - a scroll of brand weapon {unknown}
 x - 5 scrolls of identify
 y - 3 scrolls of noise {unknown}
 z - 2 scrolls of fear {unknown}
 F - 3 scrolls of teleportation {unknown}
Potions
 b - a potion of haste {unknown}
 d - 3 potions of might
 j - 3 potions of agility
 n - a potion of flight
 q - a potion of resistance
 B - a potion of brilliance {unknown}
 C - 5 potions of poison {unknown}
 K - a potion of curing
Books
 A - a book of Enchantments

   Spells                             Type                      Level
   a - Cause Fear                     Hexes                        4
   b - Yara's Violent Unravelling     Hexes/Transmutation          5
   c - Silence                        Hexes/Air                    5
   d - Deflect Missiles               Charms/Air                   6
   e - Haste                          Charms                       6
   f - Discord                        Hexes                        8
Comestibles
 f - 5 bread rations
 i - 2 beef jerkies
 m - 5 meat rations
 o - 14 fruits
 E - 10 royal jellies
 I - 7 chunks of flesh


   Skills:
 - Level 3.3 Fighting
 - Level 9.4 Axes
 - Level 4.0 Armour
 + Level 9.2 Dodging
 - Level 9.1 Shields


You had 9 spell levels left.
You didn't know any spells.

Dungeon Overview and Level Annotations

Branches:
Dungeon (9/15)             Temple (1/1) D:6            Lair (0/8) D:8
    Orc (0/2) D:9

Altars:
Ashenzari
Cheibriados
Dithmenos
Elyvilon
Fedhas
Gozag
Kikubaaqudgha
Makhleb
Nemelex Xobeh
Okawaru
Pakellas
Qazlal
Ru
Sif Muna
Trog
Vehumet
Xom
Yredelemnul
Zin
The Shining One

Shops:
D:5 *


Innate Abilities, Weirdness & Mutations

You are under a permanent stasis effect.
You can dig through walls and to a lower floor.
Your four strong arms can wield two-handed weapons with a shield.
You have a pair of large antennae on your head (SInv).
Your flesh is heat resistant.


Message History

You see here an arrow.
The orc shouts!
The centaur shouts!
You slash the phantom! You burn the phantom.
The phantom is severely damaged.
The centaur shoots an arrow.
The arrow hits you! You block the phantom's attack.
You barely miss the phantom.
The phantom is severely damaged.
The centaur shoots an arrow.
The arrow hits you!
* * * LOW HITPOINT WARNING * * *
The phantom completely misses you.
The centaur shoots an arrow.
The arrow hits you.
* * * LOW HITPOINT WARNING * * *
The phantom hits you.
* * * LOW HITPOINT WARNING * * *
You see here an arrow.
The centaur shoots an arrow.
The arrow hits you.
* * * LOW HITPOINT WARNING * * *
The centaur shoots an arrow.
The arrow hits you!
You die...

......................
............c..........$(
.........................
...........>.........
................o....
.....................
.....................
..............W.......
...........†@().......
..........(<).........
..........[)).........
......................
......................
......................
.......?..............
#.##.................
#####...........##


You could see a phantom, a centaur and an orc.

Vanquished Creatures
  Grinder (D:4)
  Prince Ribbit (D:5)
  2 hungry ghosts (D:8)
  2 soldier ants (D:8)
  An ice beast (D:5)
  5 sky beasts
  Purgy (D:4)
  2 orc warriors
  A black bear (D:8)
  A wasp (D:8)
  5 phantoms
  4 ogres
  2 centaurs
  A crocodile (D:9)
  9 giant frogs
  Blork the orc (D:4)
  A wyvern skeleton (D:6)
  A scorpion (D:7)
  3 killer bees (D:8)
  5 crimson imps
  A giant frog zombie (D:6)
  5 orc priests
  3 hounds
  3 jellies
  An iron imp (D:5)
  12 orc wizards
  4 worker ants
  2 hound skeletons
  13 gnolls
  6 adders
  4 shadow imps
  3 oozes
  An adder skeleton (D:5)
  2 worms (D:4)
  3 giant geckos
  26 orcs
  3 ball pythons
  8 giant cockroaches
  3 goblins
  7 hobgoblins
  10 jackals
  5 kobolds
  5 quokkas
  7 bats
  8 giant newts
  A quokka skeleton (D:6)
  8 rats
203 creatures vanquished.

Vanquished Creatures (others)
  An orc (D:8)
  A quokka (D:8)
2 creatures vanquished.

Grand Total: 205 creatures vanquished

Notes
Turn   | Place    | Note
--------------------------------------------------------------
     0 | D:1      | krabocopter the Formicid Fighter began the quest for the Orb.
     0 | D:1      | Reached XP level 1. HP: 18/18 MP: 1/1
   142 | D:1      | Reached XP level 2. HP: 18/24 MP: 2/2
   570 | D:2      | Reached XP level 3. HP: 29/29 MP: 3/3
   910 | D:2      | Reached XP level 4. HP: 22/35 MP: 4/4
  1214 | D:3      | Reached skill level 4 in Axes
  1381 | D:3      | Reached XP level 5. HP: 14/41 MP: 5/5
  1854 | D:3      | Reached skill level 5 in Axes
  2264 | D:3      | Reached XP level 6. HP: 45/47 MP: 6/6
  2315 | D:3      | Found a glowing golden altar of the Shining One.
  2391 | D:3      | Reached skill level 6 in Axes
  2589 | D:4      | Noticed Blork the orc
  2602 | D:4      | Killed Blork the orc
  2766 | D:4      | Reached XP level 7. HP: 23/52 MP: 7/7
  2781 | D:4      | Reached skill level 7 in Axes
  3161 | D:4      | Noticed Purgy
  3171 | D:4      | Killed Purgy
  3396 | D:4      | Noticed Grinder
  3414 | D:4      | HP: 1/52 [Grinder (7)]
  3421 | D:4      | Killed Grinder
  3421 | D:4      | Reached skill level 8 in Axes
  3421 | D:4      | Reached XP level 8. HP: 10/58 MP: 8/8
  3427 | D:4      | Gained mutation: Your flesh is heat resistant. [potion of beneficial mutation]
  3644 | D:4      | Found an ancient bone altar of Kikubaaqudgha.
  3674 | D:4      | Upgraded the game from 0.18-a0-1171-ga8e22e7 to 0.18-a0-1180-g64ccc1e
  3854 | D:4      | Reached skill level 9 in Axes
  4061 | D:5      | Entered Level 5 of the Dungeon
  4063 | D:5      | Found a snail-covered altar of Cheibriados.
  4181 | D:5      | Reached skill level 5 in Shields
  4452 | D:5      | Noticed Prince Ribbit
  4475 | D:5      | Reached XP level 9. HP: 64/64 MP: 9/9
  4625 | D:5      | Killed Prince Ribbit
  4644 | D:5      | Found Ysmagat's Serpentskin Sales.
  4741 | D:5      | You fall through a shaft for 2 floors!
  4744 | D:7      | Found a shadowy altar of Dithmenos.
  4788 | D:7      | Found an oddly glowing altar of Pakellas.
  4788 | D:7      | Found a glowing silver altar of Zin.
  4789 | D:7      | Found a blossoming altar of Fedhas.
  4823 | D:6      | Found a shimmering altar of Xom.
  5055 | D:6      | Reached skill level 1 in Dodging
  5181 | D:6      | Found a radiant altar of Vehumet.
  5783 | D:6      | Found a staircase to the Ecumenical Temple.
  5792 | Temple   | Entered the Ecumenical Temple
  5906 | Temple   | Became a worshipper of Warmaster Okawaru
  6465 | D:7      | Reached skill level 5 in Dodging
  6465 | D:7      | Reached XP level 10. HP: 64/70 MP: 10/10
  6667 | D:8      | Found a shimmering altar of Xom.
  6677 | D:8      | Found a white marble altar of Elyvilon.
  6895 | D:8      | Reached * piety under Okawaru
  6899 | D:8      | Found a staircase to the Lair.
  7697 | D:9      | Found a staircase to the Orcish Mines.
  7900 | D:8      | Reached ** piety under Okawaru
  8007 | D:9      | Shot with an arrow by a centaur

Vault maps used:
D:1:      minmay_arrival_radiant_lines, minmay_curled_crystal
D:2:      serial_glass, glass_columns_a, glass_columns_b
D:3:      hangedman_decor_clover_reticule, nicolae_tso_swordbearing_angel
D:4:      kiku_gazebo_pond_becter, first_bread, uniq_grinder,
          uniq_blork_the_orc, uniq_purgy
D:5:      slow_altar_1, hangedman_abyss_or_decor_passed, guppyfry_shop_venom,
          uniq_prince_ribbit1
D:6:      kennysheep_little_box, minmay_temple_entry_enclosed_plants,
          basic_altar, kennysheep_generic_room_6
D:7:      grunt_dithmenos_smoke_and_mirrors, gammafunk_temple_overflow_forgotten
D:8:      elyvilon_altar_4, lair_0_dummy, basic_altar, hangedman_pestilent_swarm
D:9:      orc_david_3, serial_shops, nicolae_shop_scaring_up_business
Temple:   triangle_lava_temple_12

Action                   |  1- 3 |  4- 6 |  7- 9 | 10-12 || total
-------------------------+-------+-------+-------+-------++-------
Melee: War axe           |   101 |   128 |   262 |   205 ||   696
       Short sword       |     6 |       |       |       ||     6
  Use: Potion            |       |       |     4 |       ||     4
       Scroll            |       |       |     5 |       ||     5
 Stab: Sleeping          |       |     1 |    12 |     5 ||    18
       Distracted        |       |       |     2 |       ||     2
  Eat: Chunk             |       |     6 |     7 |     6 ||    19
       Meat ration       |       |       |     1 |       ||     1
       Bread ration      |       |       |       |     1 ||     1
